General information
- name: BNet
- type: Ladder 1vs1/FFA
- host: Battle.net
- saver: BEAR_AND
map: TwistedMeadows
- players: 2
- length: 108:59
- speed: Fast
- version: 1.26 W3XP
- replay type:

» download(399 KB)
Players
team 1 (winner)
BEAR_AND (
orange | 121 APM | 13197 actions | 108:59)
8 Mountain King
3 Storm Bolt
3 Bash
1 Avatar
1 Thunder Clap
7 Archmage
3 Blizzard
3 Brilliance Aura
1 Mass Teleport
8 Paladin
3 Holy Light
3 Divine Shield
2 Devotion Aura
» actions
| Assign group hotkey | 77 | |
| Basic commands | 60 | |
| Build / train | 246 | |
| ESC pressed | 5 | |
| Enter build submenu | 82 | |
| Enter hero's abilities submenu | 23 | |
| Give item / drop item | 12 | |
| Remove unit from queue | 2 | |
| Right click | 7599 | |
| Select / deselect | 1824 | |
| Select group hotkey | 2324 | |
| Use ability | 936 | |
13197 total
» units
| Peasant | 26 | |
| Priest | 2 | |
| Dragonhawk Rider | 14 | |
| Sorceress | 1 | |
| Goblin Zeppelin | 3 | |
| Gryphon Rider | 15 | |
61 total
» upgrades
| Masonry | 3 | |
| Swords | 3 | |
| Magic Sentry | 1 | |
| Priest Training | 2 | |
| Lumber Harvesting | 2 | |
| Armor | 3 | |
| Cloud | 1 | |
| Storm Hammers | 1 | |
| Sorceress Training | 2 | |
| Animal War Training | 1 | |
19 total
» buildings
| Altar of Kings | 1 | |
| Farm | 14 | |
| Lumber Mill | 1 | |
| Arcane Vault | 3 | |
| Scout Tower | 175 | |
| Arcane Tower | 17 | |
| Guard Tower | 91 | |
| Town Hall | 4 | |
| Keep | 4 | |
| Blacksmith | 1 | |
| Arcane Sanctum | 1 | |
| Gryphon Aviary | 3 | |
| Castle | 1 | |
| Barracks | 1 | |
317 total
» build order
00:11 Altar of Kings
00:19 Farm
00:52 Lumber Mill
01:06 Farm
01:12 Arcane Vault
01:35 Scout Tower
01:36 Scout Tower
01:37 Scout Tower
02:10 Arcane Tower
02:10 Arcane Tower
02:10 Arcane Tower
02:10 Arcane Tower
02:45 Guard Tower
03:13 Guard Tower
03:13 Guard Tower
03:14 Scout Tower
03:15 Scout Tower
03:16 Scout Tower
03:41 Guard Tower
04:39 Town Hall
04:43 Guard Tower
04:44 Guard Tower
05:01 Scout Tower
05:01 Scout Tower
05:02 Scout Tower
05:04 Scout Tower
05:31 Guard Tower
05:35 Guard Tower
05:56 Scout Tower
06:00 Arcane Tower
06:06 Guard Tower
06:47 Keep
06:48 Keep
06:48 Keep
07:01 Scout Tower
07:02 Scout Tower
07:02 Scout Tower
07:11 Guard Tower
07:18 Farm
07:18 Farm
07:19 Farm
07:26 Scout Tower
07:27 Scout Tower
07:28 Scout Tower
07:28 Scout Tower
07:34 Guard Tower
07:44 Blacksmith
08:01 Arcane Vault
08:10 Guard Tower
08:32 Guard Tower
08:43 Scout Tower
08:44 Scout Tower
08:45 Scout Tower
08:46 Scout Tower
09:26 Arcane Sanctum
09:36 Guard Tower
09:36 Arcane Tower
09:39 Guard Tower
09:40 Guard Tower
09:40 Guard Tower
09:40 Guard Tower
10:31 Guard Tower
10:31 Guard Tower
10:33 Gryphon Aviary
10:34 Castle
10:40 Barracks
10:58 Scout Tower
10:58 Scout Tower
10:59 Scout Tower
11:00 Scout Tower
11:00 Scout Tower
11:02 Scout Tower
11:03 Scout Tower
11:04 Scout Tower
11:04 Scout Tower
11:34 Guard Tower
12:45 Scout Tower
12:46 Scout Tower
12:48 Scout Tower
12:50 Scout Tower
12:52 Scout Tower
12:57 Scout Tower
12:57 Scout Tower
12:58 Scout Tower
13:50 Guard Tower
15:10 Guard Tower
16:18 Scout Tower
16:19 Scout Tower
16:21 Scout Tower
16:21 Scout Tower
16:21 Scout Tower
17:14 Guard Tower
17:17 Scout Tower
17:18 Scout Tower
17:19 Scout Tower
17:20 Scout Tower
17:20 Scout Tower
17:21 Scout Tower
18:01 Guard Tower
19:30 Scout Tower
19:31 Scout Tower
19:32 Scout Tower
19:33 Scout Tower
19:44 Arcane Tower
19:44 Guard Tower
19:45 Guard Tower
19:45 Guard Tower
19:45 Guard Tower
19:45 Guard Tower
20:21 Guard Tower
20:24 Guard Tower
22:02 Guard Tower
22:41 Town Hall
23:08 Scout Tower
23:09 Scout Tower
23:09 Scout Tower
23:10 Scout Tower
23:11 Scout Tower
23:12 Scout Tower
23:12 Scout Tower
23:12 Scout Tower
23:13 Scout Tower
23:14 Scout Tower
23:14 Scout Tower
23:15 Scout Tower
23:16 Scout Tower
23:16 Scout Tower
23:17 Scout Tower
23:18 Scout Tower
23:19 Scout Tower
23:19 Scout Tower
23:20 Scout Tower
23:21 Scout Tower
23:21 Scout Tower
23:21 Scout Tower
23:23 Scout Tower
23:23 Scout Tower
24:04 Guard Tower
24:37 Arcane Tower
24:37 Guard Tower
24:38 Guard Tower
24:40 Guard Tower
24:40 Guard Tower
25:31 Guard Tower
26:09 Guard Tower
27:54 Farm
28:01 Scout Tower
28:03 Scout Tower
28:04 Scout Tower
28:04 Scout Tower
28:05 Scout Tower
28:05 Scout Tower
28:05 Scout Tower
28:07 Scout Tower
28:07 Scout Tower
28:08 Scout Tower
30:45 Scout Tower
30:46 Scout Tower
30:47 Scout Tower
30:48 Scout Tower
30:48 Scout Tower
30:49 Scout Tower
30:49 Scout Tower
30:50 Scout Tower
30:50 Scout Tower
30:51 Scout Tower
30:52 Scout Tower
30:53 Scout Tower
30:53 Scout Tower
30:53 Scout Tower
30:54 Scout Tower
30:55 Scout Tower
30:55 Scout Tower
30:56 Scout Tower
30:56 Scout Tower
31:18 Guard Tower
31:18 Guard Tower
31:19 Guard Tower
31:21 Guard Tower
31:21 Guard Tower
31:21 Guard Tower
31:21 Guard Tower
31:50 Guard Tower
31:53 Town Hall
32:00 Scout Tower
32:01 Scout Tower
32:02 Scout Tower
32:02 Scout Tower
32:03 Scout Tower
32:03 Scout Tower
32:04 Scout Tower
32:04 Scout Tower
32:05 Scout Tower
32:05 Scout Tower
32:06 Scout Tower
32:06 Scout Tower
32:13 Guard Tower
32:13 Guard Tower
32:13 Guard Tower
32:25 Guard Tower
32:47 Guard Tower
32:47 Guard Tower
32:48 Guard Tower
33:13 Guard Tower
33:13 Guard Tower
33:24 Guard Tower
33:42 Guard Tower
34:22 Guard Tower
34:29 Guard Tower
34:52 Farm
35:12 Guard Tower
35:59 Scout Tower
36:00 Scout Tower
36:00 Scout Tower
36:01 Scout Tower
36:05 Guard Tower
36:37 Arcane Tower
36:37 Guard Tower
36:40 Arcane Tower
38:36 Arcane Tower
38:36 Arcane Tower
38:36 Arcane Tower
38:46 Guard Tower
41:31 Gryphon Aviary
41:32 Gryphon Aviary
43:16 Scout Tower
43:17 Scout Tower
43:18 Scout Tower
43:18 Scout Tower
43:19 Scout Tower
43:20 Scout Tower
43:21 Scout Tower
43:22 Scout Tower
43:23 Scout Tower
43:24 Scout Tower
43:24 Scout Tower
43:25 Scout Tower
43:52 Guard Tower
44:54 Arcane Vault
45:13 Guard Tower
47:14 Guard Tower
47:48 Farm
47:49 Farm
47:49 Farm
47:51 Guard Tower
47:51 Guard Tower
48:44 Guard Tower
52:20 Scout Tower
52:20 Scout Tower
52:21 Scout Tower
52:22 Scout Tower
52:51 Arcane Tower
52:51 Arcane Tower
54:20 Guard Tower
54:20 Guard Tower
55:08 Scout Tower
55:09 Scout Tower
55:09 Scout Tower
55:10 Scout Tower
55:11 Scout Tower
55:12 Scout Tower
55:12 Scout Tower
55:13 Scout Tower
55:15 Scout Tower
55:16 Scout Tower
55:16 Scout Tower
55:17 Scout Tower
55:18 Scout Tower
55:18 Scout Tower
55:19 Scout Tower
55:19 Scout Tower
58:10 Guard Tower
58:17 Guard Tower
58:23 Scout Tower
58:23 Scout Tower
58:24 Scout Tower
58:25 Scout Tower
58:26 Scout Tower
58:26 Scout Tower
58:27 Scout Tower
58:28 Scout Tower
59:01 Guard Tower
59:12 Guard Tower
60:44 Farm
60:47 Farm
60:47 Farm
60:48 Farm
60:50 Guard Tower
61:41 Scout Tower
61:41 Scout Tower
61:42 Scout Tower
61:42 Scout Tower
62:51 Guard Tower
64:03 Guard Tower
106:32 Town Hall
106:33 Scout Tower
106:33 Scout Tower
106:33 Scout Tower
108:46 Guard Tower
108:47 Guard Tower
108:50 Scout Tower
108:51 Scout Tower
108:52 Scout Tower
108:52 Scout Tower
» items
| Scroll of Regeneration | 4 | |
| Staff of Teleportation | 3 | |
| Boots of Speed | 2 | |
| Potion of Healing | 1 | |
| Staff of Sanctuary | 3 | |
| Orb of Fire | 2 | |
| Scroll of Town Portal | 3 | |
18 total
team 2 (loser)
Dominus_77 (
blue | 75 APM | 8135 actions | 108:56)
7 Death Knight
3 Death Coil
1 Death Pact
2 Unholy Aura
1 Animate Dead
6 Lich
3 Frost Nova
2 Frost Armor
1 Death and Decay
6 Dark Ranger
2 Black Arrow
3 Silence
1 Charm
» actions
| Assign group hotkey | 153 | |
| Basic commands | 474 | |
| Build / train | 209 | |
| ESC pressed | 15 | |
| Enter build submenu | 56 | |
| Enter hero's abilities submenu | 19 | |
| Give item / drop item | 11 | |
| Right click | 4125 | |
| Select / deselect | 1296 | |
| Select group hotkey | 1387 | |
| Use ability | 389 | |
8135 total
» units
| Acolyte | 82 | |
| Ghoul | 3 | |
| Crypt Fiend | 15 | |
| Obsidian Statue | 2 | |
| Goblin Zeppelin | 8 | |
| Goblin Sapper | 2 | |
| Meatwagon | 9 | |
| Goblin Shredder | 1 | |
| Frost Wyrm | 9 | |
131 total
» upgrades
| Burrow | 1 | |
| Web | 1 | |
| Exhume Corpses | 1 | |
| Ghoul Frenzy | 1 | |
| Freezing Breath | 1 | |
| Disease Cloud | 1 | |
| Destroyer Form | 1 | |
| Creature Attack | 2 | |
| Creature Carapace | 2 | |
| Unholy Armor | 1 | |
| Unholy Strength | 1 | |
13 total
» buildings
| Altar of Darkness | 1 | |
| Ziggurat | 35 | |
| Crypt | 2 | |
| Tomb of Relics | 1 | |
| Graveyard | 1 | |
| Halls of the Dead | 1 | |
| Slaughterhouse | 2 | |
| Necropolis | 6 | |
| Nerubian Tower | 9 | |
| Black Citadel | 1 | |
| Sacrificial Pit | 1 | |
| Boneyard | 2 | |
| Spirit Tower | 6 | |
68 total
» build order
00:09 Altar of Darkness
00:12 Ziggurat
00:38 Crypt
01:07 Tomb of Relics
01:22 Graveyard
02:31 Ziggurat
03:22 Halls of the Dead
04:20 Ziggurat
05:52 Slaughterhouse
07:02 Necropolis
07:24 Nerubian Tower
07:27 Ziggurat
09:39 Nerubian Tower
09:44 Ziggurat
10:35 Black Citadel
10:41 Ziggurat
10:42 Ziggurat
11:27 Nerubian Tower
12:45 Ziggurat
15:11 Crypt
16:28 Sacrificial Pit
16:39 Slaughterhouse
18:13 Boneyard
21:16 Necropolis
28:16 Ziggurat
29:11 Boneyard
29:15 Ziggurat
36:43 Necropolis
38:24 Nerubian Tower
38:51 Ziggurat
38:53 Ziggurat
38:53 Ziggurat
38:54 Ziggurat
39:24 Necropolis
41:41 Ziggurat
41:42 Ziggurat
41:43 Ziggurat
41:48 Spirit Tower
41:57 Necropolis
43:18 Spirit Tower
47:40 Ziggurat
47:40 Ziggurat
50:06 Ziggurat
50:08 Nerubian Tower
51:28 Nerubian Tower
52:04 Ziggurat
53:22 Ziggurat
53:25 Ziggurat
54:07 Ziggurat
55:03 Ziggurat
55:04 Ziggurat
56:24 Nerubian Tower
56:40 Nerubian Tower
57:05 Spirit Tower
58:03 Spirit Tower
60:16 Ziggurat
63:08 Spirit Tower
63:21 Ziggurat
63:22 Ziggurat
63:23 Ziggurat
63:27 Ziggurat
63:28 Ziggurat
63:29 Ziggurat
74:40 Necropolis
74:45 Ziggurat
74:47 Ziggurat
76:31 Spirit Tower
80:07 Nerubian Tower
» items
| Rod of Necromancy | 3 | |
| Potion of Healing | 2 | |
| Boots of Speed | 1 | |
| Potion of Lesser Invulnerability | 4 | |
| Scroll of Healing | 1 | |
| Scroll of Town Portal | 11 | |
| Staff of Teleportation | 3 | |
| Orb of Corruption | 1 | |
26 total
Chat log
(00:05 / All) BEAR_AND: helo
(00:16 / All) Dominus_77: hola
(00:22 / All) BEAR_AND: enlgish????
(00:26 / All) Dominus_77: no
(00:29 / All) BEAR_AND: yes
(00:30 / All) BEAR_AND: english
(00:36 / All) BEAR_AND: now
(00:46 / All) Dominus_77: español
(00:49 / All) BEAR_AND: ENGLISH
(00:59 / All) BEAR_AND: GO 2 KALIMDOR
(01:14 / All) Dominus_77: que?
(07:29 / All) Dominus_77: dale
(41:11 / All) BEAR_AND: lol
(84:24 / All) BEAR_AND: STILL BAD????
(84:39 / All) BEAR_AND: ¿Eres incomptente?
(84:45 / All) Dominus_77: entonces ganame
(98:23 / All) BEAR_AND: go
(98:24 / All) BEAR_AND: leave
(98:26 / All) BEAR_AND: vaminos
(99:37 / All) BEAR_AND: dejar
(99:44 / All) Dominus_77: dale
(100:16 / All) BEAR_AND: http://highper.ch/
(106:08 / All) BEAR_AND: HTTP://HIGHPER.CH?????
(107:38 / All) BEAR_AND: ¿highper.ch?